[Event "Titled Tuesday Blitz April 4 Early 2023"]
[White "Piesik, Piotr"]
[Black "Gubajdullin, Alexei"]
[WhiteFideId "1136194"]
[BlackFideId "4141202"]
[WhiteElo "2299"]
[BlackElo "2279"]
[Result "1-0"]
[Round "06"]
[TimeControl "180+2"]
[Date "2023.04.04"]
[WhiteClock "0:01:08"]
[BlackClock "0:00:36"]

1. Nf3 Nf6 2. g3 g6 3. Bg2 Bg7 4. O-O O-O 5. d4 d6 6. Nbd2 Nc6 7. e4 e5 8. dxe5 Nxe5 9. Nxe5 dxe5 10. Qe2 Bg4 11. Bf3 Bxf3 12. Nxf3 Qe7 13. Bg5 Qe6 14. Rfd1 Rfd8 15. b3 h6 16. Bxf6 Bxf6 17. Nd2 c6 18. a4 Rd7 19. Nc4 Rad8 20. Kg2 h5 21. h4 Be7 22. Rxd7 Rxd7 23. Rd1 f6 24. Rd3 Kf7 25. Qd1 Ke8 26. Na5 Bb4 27. Nc4 Bc5 28. Qf3 Rxd3 29. Qxd3 Qd7 30. Qf3 Ke7 31. c3 a6 32. a5 Qd8 33. Kf1 Qd7 34. Ke2 Qg4 35. Qxg4 hxg4 36. f3 gxf3+ 37. Kxf3 Ke6 38. g4 f5 39. gxf5+ gxf5 40. exf5+ Kxf5 41. Ne3+ Kg6 42. Ng4 Kf5 43. Ne3+ Kg6 44. Ke4 Kh5 45. Nf5 Ba3 46. Kxe5 Bb2 47. Kd4 Kg4 48. Nd6 Kxh4 49. Nxb7 Kg5 50. Nc5 Kf6 51. Nxa6 Ke7 52. Kc4 Kd6 53. Nc5 Kc7 54. Nd3 Ba1 55. b4 Kb7 56. Kb3 Ka6 57. Nc5+ Ka7 58. Ne6 Ka6 59. Nd4 c5 60. Nc2 cxb4 61. Nxa1 bxc3 62. Kb4 Ka7 63. Kxc3 Ka6 64. Kb4 Ka7 65. Kb5 Kb7 66. Nb3 Ka7 67. a6 Kb8 68. Kb6 Ka8 69. Nd4 Kb8 70. Nb5 Ka8 71. Nc7+ Kb8 72. a7+ Kc8 73. a8=Q+ Kd7 74. Qe8+ Kd6 75. Qe6# 1-0


[Site "https://www.chess.com"]

[Event "Titled Tuesday Blitz April 4 Early 2023"]
[White "Darini, Pouria"]
[Black "Bayo Milagro, Alvaro"]
[WhiteFideId "12502200"]
[BlackFideId "22275240"]
[WhiteElo "2482"]
[BlackElo "2270"]
[Result "1-0"]
[Round "06"]
[TimeControl "180+2"]
[Date "2023.04.04"]
[WhiteClock "0:00:11"]
[BlackClock "0:00:19"]

1. b3 Nf6 2. Bb2 g6 3. Nf3 Bg7 4. g3 O-O 5. Bg2 b6 6. O-O Bb7 7. c4 c5 8. d4 cxd4 9. Nxd4 Bxg2 10. Kxg2 Nc6 11. Nxc6 dxc6 12. Na3 Qxd1 13. Raxd1 Rfd8 14. Nc2 Ne4 15. Bxg7 Kxg7 16. Nb4 Rac8 17. Rxd8 Rxd8 18. Nxc6 Rd2 19. Nxa7 Rxa2 20. Nc8 f5 21. Re1 Rb2 22. Nxb6 Rxb3 23. Nd5 Rb2 24. Nxe7 Rc2 25. Nd5 Rxc4 26. h4 Rc2 27. Nf4 h6 28. f3 Nc5 29. Kf1 g5 30. hxg5 hxg5 31. Nd5 g4 32. Ne3 Rc3 33. Nxf5+ Kf6 34. Nh4 Ne6 35. Rd1 Ng5 36. Kf2 Nh3+ 37. Kf1 Ng5 38. Kf2 Nh3+ 39. Kg2 Ng5 40. Rd6+ Ke5 41. Rg6 gxf3+ 42. Nxf3+ 1-0


[Site "https://www.chess.com"]

[Event "Titled Tuesday Blitz April 4 Early 2023"]
[White "Gold_Ocean"]
[Black "koncheto"]
[WhiteElo "2647"]
[BlackElo "2532"]
[Result "1-0"]
[Round "06"]
[TimeControl "180+2"]
[Date "2023.04.04"]
[WhiteClock "0:00:06"]
[BlackClock "0:00:04"]

1. Nf3 Nf6 2. d4 e6 3. Bf4 c5 4. e3 d5 5. c3 Bd6 6. Bg3 Qc7 7. Bd3 Nbd7 8. O-O O-O 9. Nbd2 Bxg3 10. hxg3 e5 11. dxe5 Nxe5 12. Nxe5 Qxe5 13. Nf3 Qe6 14. Qc2 h6 15. Rad1 b6 16. Rfe1 Bb7 17. Bf5 Qe7 18. Nh4 Rad8 19. Bd3 Rfe8 20. Nf5 Qe5 21. Qa4 a6 22. Nh4 Ne4 23. Nf3 Qf6 24. Qc2 Rd6 25. c4 dxc4 26. Bxc4 Red8 27. Bd3 Ng5 28. Nh4 Ne6 29. e4 Nd4 30. Qc3 Qg5 31. e5 Rd5 32. f4 Qg4 33. Kh2 Qd7 34. f5 Nb5 35. Bxb5 Qxb5 36. Rxd5 Rxd5 37. e6 fxe6 38. fxe6 Qd3 39. Qxd3 Rxd3 40. e7 Bc6 41. e8=Q+ Bxe8 42. Rxe8+ Kf7 43. Re2 b5 44. Nf3 Rd5 45. Kg1 Kf6 46. Kf2 c4 47. Nd2 Rd3 48. Ne4+ Kf5 49. Nc5 Rd6 50. Ne4 Rc6 51. Nc3 b4 52. Nd5 Rc5 53. Nxb4 a5 54. Nc2 Kf6 55. Ke3 Rb5 56. Nd4 Rd5 57. Rc2 Re5+ 58. Kf2 Rc5 59. b3 Ke5 60. Nf3+ Ke4 61. Rxc4+ Rxc4 62. bxc4 1-0


[Site "https://www.chess.com"]

[Event "Titled Tuesday Blitz April 4 Early 2023"]
[White "Sieciechowicz, Marcin"]
[Black "Forgacs, Attila Jr."]
[WhiteFideId "1130170"]
[BlackFideId "773654"]
[WhiteElo "2302"]
[BlackElo "2168"]
[Result "1-0"]
[Round "06"]
[TimeControl "180+2"]
[Date "2023.04.04"]
[WhiteClock "0:00:59"]
[BlackClock "0:01:25"]

1. d4 Nf6 2. c4 g6 3. Nc3 d5 4. Nf3 Bg7 5. Qb3 dxc4 6. Qxc4 O-O 7. e4 Na6 8. Be2 c5 9. d5 e6 10. O-O exd5 11. exd5 Bf5 12. Rd1 Qb6 13. h3 Rad8 14. g4 Bc8 15. a3 Rfe8 16. Bf4 h5 17. Ne5 hxg4 18. hxg4 Nd7 19. Nxf7 Kxf7 20. d6+ Kf8 21. Nd5 Qxb2 22. Ne7 Rxe7 23. dxe7+ Kxe7 24. Bd6+ Kf6 25. Qf4+ Ke6 26. Bc4# 1-0


[Site "https://www.chess.com"]

[Event "Titled Tuesday Blitz April 4 Early 2023"]
[White "Ljukin, Sergei"]
[Black "Hamitevici, Vladimir"]
[WhiteFideId "14102200"]
[BlackFideId "13902393"]
[WhiteElo "2312"]
[BlackElo "2401"]
[Result "0-1"]
[Round "06"]
[TimeControl "180+2"]
[Date "2023.04.04"]
[WhiteClock "0:00:05"]
[BlackClock "0:00:38"]

1. e4 d6 2. d4 g6 3. Nc3 a6 4. f4 b5 5. Nf3 Bb7 6. Bd3 Nd7 7. O-O c5 8. e5 cxd4 9. Nxd4 dxe5 10. fxe5 Nxe5 11. Be4 Bxe4 12. Nxe4 Bg7 13. Ng5 Qd5 14. Nf5 O-O-O 15. Qxd5 Rxd5 16. Nxg7 Nf6 17. Bf4 Rf8 18. Rad1 Rxd1 19. Rxd1 Ned7 20. Rd4 Rg8 21. Nxf7 Rxg7 22. Ne5 Nxe5 23. Bxe5 Rf7 24. c4 Nd7 25. Bg3 Rf5 26. cxb5 axb5 27. b4 e5 28. Rd5 e4 29. Rxf5 gxf5 30. Kf2 Nf6 31. Be5 Ng4+ 0-1


[Site "https://www.chess.com"]

[Event "Titled Tuesday Blitz April 4 Early 2023"]
[White "Manukyan, Sargis A."]
[Black "Goffredo_Fofi"]
[WhiteFideId "13303970"]
[WhiteElo "2187"]
[BlackElo "2515"]
[Result "1-0"]
[Round "06"]
[TimeControl "180+2"]
[Date "2023.04.04"]
[WhiteClock "0:02:37"]
[BlackClock "0:02:04"]

1. d4 Nf6 2. c4 g6 3. Nc3 Bg7 4. Nf3 O-O 5. h3 d6 6. Bf4 b6 7. e3 Bb7 8. Be2 Nbd7 9. O-O Ne4 10. Nxe4 Bxe4 11. Nd2 Bb7 12. Bf3 Bxf3 13. Nxf3 e5 14. Bg3 Re8 15. dxe5 Nxe5 16. Nxe5 dxe5 17. Qxd8 Raxd8 18. Rfd1 f6 19. Kf1 Kf7 20. Ke2 Ke7 21. e4 Rxd1 22. Rxd1 Rd8 23. f3 Rxd1 24. Kxd1 Ke6 25. Bf2 Bf8 26. Kc2 Kd6 27. b4 a6 28. Kb3 b5 29. Bc5+ 1-0


[Site "https://www.chess.com"]

[Event "Titled Tuesday Blitz April 4 Early 2023"]
[White "Vaibhav Jayant Raut"]
[Black "Shevtchenko, Olesya"]
[WhiteFideId "5089034"]
[BlackFideId "24131890"]
[WhiteElo "2156"]
[BlackElo "2003"]
[Result "1-0"]
[Round "06"]
[TimeControl "180+2"]
[Date "2023.04.04"]
[WhiteClock "0:00:18"]
[BlackClock "0:00:02"]

1. d4 Nf6 2. Nf3 d5 3. Bf4 c5 4. e3 Nc6 5. Nbd2 Nh5 6. Bg5 h6 7. Bh4 g5 8. Bg3 Nxg3 9. hxg3 Bg7 10. c3 Qd6 11. Bb5 Bd7 12. Qa4 a6 13. Qa3 cxd4 14. Qxd6 exd6 15. Bxc6 bxc6 16. Nxd4 c5 17. N4f3 Rb8 18. O-O-O Bf5 19. e4 dxe4 20. Nc4 O-O 21. Nxd6 Bg6 22. Nd2 f5 23. g4 fxg4 24. N2xe4 Be5 25. g3 Kg7 26. Rhe1 Rbd8 27. Nc4 Rxd1+ 28. Kxd1 Rd8+ 29. Kc1 Bf6 30. Nxc5 Rc8 31. Ne6+ Kg8 32. Ne5 Bf5 33. Nd4 Bxe5 34. Rxe5 Bd7 35. Re7 Be8 36. Re6 h5 37. Re5 Kg7 38. Rxg5+ Kh6 39. Re5 Bf7 40. Rf5 Kg6 41. Ra5 Bc4 42. b3 Bf1 43. c4 Rf8 44. Rxa6+ Kh7 45. Ra5 Kg6 46. c5 Rxf2 47. c6 Rf8 48. c7 Rc8 49. Rc5 h4 50. gxh4 g3 51. Rg5+ Kf6 52. Rxg3 Rxc7+ 53. Kb2 Ke5 54. Nc2 Kf4 55. Rc3 Ra7 56. a4 Bg2 57. Ne3 Be4 58. Nc4 Kg4 59. Nd6 Bg2 60. Nb5 Rd7 61. a5 Kxh4 62. Rc2 Bb7 63. Rc4+ Kg3 64. Nc3 Ba6 65. Rc6 Bb7 66. Rg6+ Kf2 67. Rb6 Ke3 68. a6 Bxa6 69. Rxa6 1-0


[Site "https://www.chess.com"]

[Event "Titled Tuesday Blitz April 4 Early 2023"]
[White "Roebers, Eline"]
[Black "Domingo Nunez, Alejandro"]
[WhiteFideId "1058401"]
[BlackFideId "22245561"]
[WhiteElo "2512"]
[BlackElo "2291"]
[Result "0-1"]
[Round "06"]
[TimeControl "180+2"]
[Date "2023.04.04"]
[WhiteClock "0:00:02"]
[BlackClock "0:00:14"]

1. e4 g6 2. d4 Bg7 3. Nc3 c6 4. f4 d5 5. e5 f6 6. Nf3 Nh6 7. Bd3 O-O 8. h3 Nf5 9. Ne2 fxe5 10. fxe5 c5 11. c3 cxd4 12. cxd4 Nc6 13. O-O Qb6 14. Kh1 Nfxd4 15. Nexd4 Nxd4 16. Be3 Rxf3 17. Rxf3 Bxe5 18. Qf1 Bg7 19. Rd1 e5 20. Rf2 Be6 21. Bxd4 exd4 22. Re1 a6 23. Rf6 Re8 24. Rf2 Bh6 25. b3 Be3 26. Rf6 Kg7 27. h4 Qd8 28. Rxe3 dxe3 29. Rf3 Qxh4+ 30. Kg1 Qd4 31. Be2 Re7 32. Rf4 Qe5 33. Rf3 d4 34. Bd3 Bg4 35. Rf4 e2 0-1


[Site "https://www.chess.com"]

[Event "Titled Tuesday Blitz April 4 Early 2023"]
[White "Wahedi, Ahmad Siar"]
[Black "Bodnaruk, Anastasia"]
[WhiteFideId "4651260"]
[BlackFideId "4181751"]
[WhiteElo "2251"]
[BlackElo "2310"]
[Result "0-1"]
[Round "06"]
[TimeControl "180+2"]
[Date "2023.04.04"]
[WhiteClock "0:00:49"]
[BlackClock "0:00:03"]

1. d4 Nf6 2. Nf3 g6 3. c3 Bg7 4. Nbd2 d5 5. e3 O-O 6. b3 b6 7. Bb2 c5 8. Be2 Bb7 9. O-O Nbd7 10. Re1 Re8 11. c4 e6 12. Rc1 Ne4 13. Nxe4 dxe4 14. Nd2 cxd4 15. exd4 f5 16. Nf1 f4 17. f3 e3 18. Qc2 Rc8 19. Qb1 Qh4 20. Red1 Nf6 21. Qc2 Ng4 22. Bd3 Nf2 23. Qe2 Nxd1 24. Rxd1 Rcd8 25. Be4 Bxe4 26. fxe4 e5 27. d5 g5 28. h3 Bf8 29. Nh2 Bd6 30. Rf1 Qh6 31. Ng4 Qg6 32. Nh2 h5 33. Kh1 Re7 34. Nf3 Rde8 35. h4 g4 36. Ng5 Rg7 37. g3 Rf8 38. Ne6 Rgf7 39. Nxf8 Rxf8 40. Qd3 Qh6 41. gxf4 Rxf4 42. Bc1 Bc5 43. b4 Bd4 44. Kg2 Qf6 45. Qe2 Qxh4 46. Rxf4 exf4 47. Qd3 Qf2+ 48. Kh1 g3 0-1


[Site "https://www.chess.com"]

[Event "Titled Tuesday Blitz April 4 Early 2023"]
[White "Fishchuk, Vladyslav"]
[Black "Deng, Henry"]
[WhiteFideId "34122117"]
[BlackFideId "30965454"]
[WhiteElo "2082"]
[BlackElo "2479"]
[Result "1-0"]
[Round "06"]
[TimeControl "180+2"]
[Date "2023.04.04"]
[WhiteClock "0:02:00"]
[BlackClock "0:01:00"]

1. d4 d5 2. Nc3 Nf6 3. Bf4 c5 4. e3 Nc6 5. Nb5 Bf5 6. Nc7+ Kd7 7. Nxa8 Qxa8 8. c3 e6 9. Nf3 a6 10. Bd3 Be4 11. Bxe4 Nxe4 12. O-O f5 13. Nd2 Be7 14. f3 Nf6 15. Qe2 Nh5 16. Be5 Nxe5 17. dxe5 g5 18. c4 Qd8 19. cxd5 exd5 20. Rad1 Kc8 21. Nc4 Kb8 22. Nd6 d4 23. Nxf5 Re8 24. f4 Nf6 25. Nxe7 Ne4 26. exd4 1-0


[Site "https://www.chess.com"]

[Event "Titled Tuesday Blitz April 4 Early 2023"]
[White "Shubenkova, Veronika"]
[Black "Skliarov, Viktor"]
[WhiteFideId "44124040"]
[BlackFideId "14106736"]
[WhiteElo "2027"]
[BlackElo "2317"]
[Result "1/2-1/2"]
[Round "06"]
[TimeControl "180+2"]
[Date "2023.04.04"]
[WhiteClock "0:00:32"]
[BlackClock "0:00:14"]

1. e4 c5 2. Nc3 Nc6 3. g3 g6 4. Bg2 Bg7 5. d3 Rb8 6. f4 d6 7. Nf3 b5 8. Ne2 e6 9. Rb1 Nge7 10. O-O O-O 11. Be3 f5 12. c3 b4 13. c4 Qa5 14. Nc1 Nd4 15. Nxd4 cxd4 16. Nb3 Qb6 17. Bf2 Bb7 18. Qe2 e5 19. exf5 Bxg2 20. Kxg2 Qc6+ 21. Qf3 gxf5 22. Qxc6 Nxc6 23. fxe5 dxe5 24. Nc5 Rf7 25. Rbe1 Bf8 26. Nb3 a5 27. Bg1 a4 28. Nd2 Bd6 29. Nf3 Re8 30. Nxd4 Nxd4 31. Bxd4 Ree7 32. Bg1 Kg7 33. d4 exd4 34. Bxd4+ Kg6 35. c5 Bc7 36. Kf2 f4 37. g4 f3 38. Rxe7 Rxe7 39. Kxf3 Bxh2 40. c6 Bc7 41. Rc1 Re6 42. Rc4 b3 43. axb3 axb3 44. Bc3 Kf7 45. g5 Kg6 46. Kg4 h5+ 47. gxh6 Kxh6 48. Bd2+ Kg6 49. Bc3 Kf7 50. Kf3 Rh6 51. Ke4 Ke6 52. Rc5 Rh4+ 53. Kd3 Kd6 54. Rc4 Rxc4 55. Kxc4 Kxc6 56. Kxb3 Kb5 57. Bd4 Bd6 58. Bf2 Be7 59. Bd4 Bd6 60. Bc3 Bc5 61. Kc2 Bb6 62. Kd3 Bc7 63. Ke4 Bb6 64. Kd5 Bd8 65. Ke6 Bb6 66. Kd5 Be3 67. b4 Bc1 68. Be1 Ba3 69. Kd4 Bxb4 1/2-1/2


[Site "https://www.chess.com"]

[Event "Titled Tuesday Blitz April 4 Early 2023"]
[White "M_Bozorov"]
[Black "Al-Tarboush, Ward"]
[BlackFideId "7601450"]
[WhiteElo "2457"]
[BlackElo "2265"]
[Result "0-1"]
[Round "06"]
[TimeControl "180+2"]
[Date "2023.04.04"]
[WhiteClock "0:00:12"]
[BlackClock "0:01:42"]

1. e4 c5 2. Nf3 e6 3. c3 Nf6 4. e5 Nd5 5. g3 Nc6 6. Bg2 d6 7. exd6 Bxd6 8. O-O O-O 9. d4 cxd4 10. Nxd4 Nxd4 11. Qxd4 Qf6 12. Qxf6 Nxf6 13. Nd2 Rb8 14. Nc4 Bc7 15. Be3 b6 16. Rfd1 Bb7 17. Bxb7 Rxb7 18. Nd6 Bxd6 19. Rxd6 Nd5 20. c4 Nxe3 21. fxe3 Rc8 22. b3 Kf8 23. Rad1 Ke7 24. Kg2 Rcc7 25. Kf3 b5 26. cxb5 Rxb5 27. Ra6 Rf5+ 28. Ke2 h5 29. Rd4 g5 30. Rda4 Rc2+ 31. Kd3 Rxh2 32. Rxa7+ Kf6 33. Rd7 Rg2 34. Raa7 Kg6 35. a4 Rxg3 36. a5 h4 37. a6 h3 38. Rxf7 Rxf7 39. Rxf7 h2 40. Rf1 Rg1 41. a7 h1=Q 42. Rxg1 Qd5+ 43. Ke2 Qb5+ 44. Kf2 Qa6 0-1


[Site "https://www.chess.com"]

[Event "Titled Tuesday Blitz April 4 Early 2023"]
[White "Becerra, Juan David"]
[Black "Adla, Diego"]
[WhiteFideId "4404998"]
[BlackFideId "100072"]
[WhiteElo "2276"]
[BlackElo "2377"]
[Result "0-1"]
[Round "06"]
[TimeControl "180+2"]
[Date "2023.04.04"]
[WhiteClock "0:00:46"]
[BlackClock "0:01:46"]

1. e4 e5 2. Nf3 Nc6 3. Bb5 Bc5 4. d3 Qf6 5. Be3 Bb6 6. O-O Nge7 7. a4 O-O 8. a5 Nxa5 9. Bg5 Qe6 10. d4 exd4 11. Nxd4 Qe5 12. Bxe7 Qxe7 13. Nf5 Qf6 14. Nc3 c6 15. Bd3 d5 16. e5 Qxe5 17. Re1 Qf6 18. Ne7+ Kh8 19. Qh5 g6 20. Bxg6 fxg6 0-1


[Site "https://www.chess.com"]

[Event "Titled Tuesday Blitz April 4 Early 2023"]
[White "Topalov, Aleksandar"]
[Black "Ozates, Tuna"]
[WhiteFideId "925659"]
[BlackFideId "6354521"]
[WhiteElo "2151"]
[BlackElo "2151"]
[Result "0-1"]
[Round "06"]
[TimeControl "180+2"]
[Date "2023.04.04"]
[WhiteClock "0:00:01"]
[BlackClock "0:00:09"]

1. b3 c5 2. Bb2 Nc6 3. Nf3 d6 4. d4 cxd4 5. Nxd4 e5 6. Nxc6 bxc6 7. c4 Nf6 8. g3 Be7 9. Bg2 Bd7 10. O-O O-O 11. c5 Qc7 12. cxd6 Bxd6 13. Nc3 Rad8 14. Rc1 a6 15. Qc2 g6 16. Rfd1 Bf5 17. Ne4 Be7 18. Nxf6+ Bxf6 19. e4 Bg4 20. f3 Rxd1+ 21. Rxd1 Be6 22. Qc5 Rd8 23. Rxd8+ Qxd8 24. Bxe5 Qd1+ 25. Kf2 Qd2+ 26. Kf1 Bxe5 27. Qxe5 Qxa2 28. Qb8+ Kg7 29. Qe5+ Kf8 30. Qd6+ Kg8 31. Qb8+ Kg7 32. Qe5+ Kf8 33. Qd6+ Ke8 34. Qxc6+ Kd8 35. Qd6+ Kc8 36. Qc6+ Kd8 37. Qd6+ Bd7 38. Bh3 Qb1+ 39. Kf2 Qc2+ 40. Kf1 Qc1+ 41. Kf2 Qb2+ 42. Kf1 f5 43. Qf8+ Kc7 44. Qc5+ Kb7 45. Kg1 Qb1+ 46. Bf1 Bb5 47. Qe7+ Kc6 48. Qe6+ Kc5 49. Qd5+ Kb4 50. Qd2+ Kxb3 51. Qd5+ Ka4 52. Qd4+ Qb4 0-1


[Site "https://www.chess.com"]

[Event "Titled Tuesday Blitz April 4 Early 2023"]
[White "Chandreyee, Hajra"]
[Black "Ambartsumova, Karina"]
[WhiteFideId "5056535"]
[BlackFideId "4166299"]
[WhiteElo "1725"]
[BlackElo "2240"]
[Result "0-1"]
[Round "06"]
[TimeControl "180+2"]
[Date "2023.04.04"]
[WhiteClock "0:01:34"]
[BlackClock "0:01:00"]

1. e4 c5 2. Nf3 e6 3. d4 cxd4 4. Nxd4 a6 5. Bd3 Bc5 6. Nb3 Ba7 7. Qe2 d6 8. Be3 Bxe3 9. Qxe3 Ne7 10. Nc3 Nbc6 11. O-O-O O-O 12. Qg3 b5 13. Be2 e5 14. Qd3 Qb6 15. Qxd6 Qxf2 16. Rhf1 Qe3+ 17. Qd2 Qxd2+ 18. Rxd2 Be6 19. Nc5 Nd4 20. Nxe6 fxe6 21. Rdd1 b4 22. Bg4 bxc3 23. bxc3 Nb5 24. Bxe6+ Kh8 25. c4 Nd4 26. c3 Nxe6 0-1


[Site "https://www.chess.com"]

[Event "Titled Tuesday Blitz April 4 Early 2023"]
[White "Guzman Moneo, Alberto"]
[Black "Gontcharov, Vladislav"]
[WhiteFideId "2209616"]
[BlackFideId "4123492"]
[WhiteElo "2157"]
[BlackElo "2420"]
[Result "1/2-1/2"]
[Round "06"]
[TimeControl "180+2"]
[Date "2023.04.04"]
[WhiteClock "0:00:20"]
[BlackClock "0:00:10"]

1. e4 e6 2. d3 d5 3. Nd2 c5 4. Ngf3 Nc6 5. g3 g6 6. Bg2 Bg7 7. O-O Nf6 8. Re1 O-O 9. exd5 exd5 10. Nb3 b6 11. Bf4 Bb7 12. Ne5 Nxe5 13. Bxe5 Qd7 14. d4 c4 15. Nd2 c3 16. bxc3 Rac8 17. Nb1 Ne4 18. Bxg7 Kxg7 19. Re3 f5 20. f3 Nd6 21. Nd2 f4 22. Re5 Nb5 23. Nb1 Rf7 24. g4 Nxc3 25. Nxc3 Rxc3 26. Qd2 Qc7 27. Rc1 b5 28. Bf1 b4 29. Bd3 Qb6 30. Qf2 Rfc7 31. Rce1 Rf7 32. h4 Ba6 33. Re6 Rc6 34. Rxc6 Qxc6 35. Qe2 Bxd3 36. Qxd3 Rc7 37. g5 Qxc2 38. Re7+ Kf8 39. Qxc2 Rxc2 40. Rxa7 Rd2 41. Rxh7 Rxa2 42. Rb7 Rb2 43. Rb6 Kf7 44. Rf6+ Kg7 45. Rb6 b3 46. Kf1 Rb1+ 47. Ke2 b2 48. Kd3 Rf1 49. Rxb2 Rxf3+ 50. Ke2 Rh3 51. Rb7+ Kg8 52. Rb6 Kg7 53. Rb7+ Kg8 54. Rd7 Rxh4 55. Rxd5 Rh3 56. Rd6 Re3+ 57. Kf2 Rg3 58. Rxg6+ Kh7 59. Rf6 Rxg5 60. Rxf4 Kg6 61. Kf3 Rf5 62. Ke4 Rxf4+ 63. Kxf4 Kf6 64. Ke4 Ke6 65. d5+ Kd6 66. Kd4 Kd7 67. Ke5 Ke7 68. d6+ Kd7 69. Kd5 Kd8 70. Kc5 Kd7 71. Kd5 Kd8 72. Kd4 Kd7 73. Kc5 Kd8 74. Kd5 Kd7 75. Ke5 Kd8 76. Ke6 Ke8 77. d7+ Kd8 78. Kd6 1/2-1/2


[Site "https://www.chess.com"]

[Event "Titled Tuesday Blitz April 4 Early 2023"]
[White "Shukhman, Anna"]
[Black "NiklasSchmider"]
[WhiteFideId "54180058"]
[WhiteElo "2125"]
[BlackElo "2597"]
[Result "0-1"]
[Round "06"]
[TimeControl "180+2"]
[Date "2023.04.04"]
[WhiteClock "0:00:21"]
[BlackClock "0:00:18"]

1. e4 e5 2. Nf3 Nc6 3. Bb5 a6 4. Ba4 Nf6 5. O-O Bc5 6. c3 b5 7. Bc2 d5 8. d4 dxe4 9. dxc5 Qxd1 10. Bxd1 exf3 11. Bxf3 e4 12. Be2 Bg4 13. Bxg4 Nxg4 14. Nd2 f5 15. a4 b4 16. cxb4 Nxb4 17. Nc4 O-O 18. Bd2 Nc2 19. Rad1 f4 20. f3 Nge3 21. Bxe3 fxe3 22. Rc1 e2 23. Rxc2 exf1=Q+ 24. Kxf1 exf3 25. gxf3 Rxf3+ 26. Kg2 Rf4 27. c6 Raf8 28. h3 R8f6 29. Ne5 Rxa4 30. Nd7 Rg6+ 31. Kh2 h6 32. Rc3 Rb4 33. b3 Re4 34. Rc2 Re3 35. b4 Rgg3 36. Nc5 Rxh3+ 37. Kg2 Reg3+ 38. Kf2 Rh2+ 39. Kxg3 Rxc2 40. Nxa6 Rxc6 41. b5 Rc4 42. Kf3 Kf7 43. Ke3 Ke6 44. Kd3 Kd5 45. Nb8 Rb4 46. Na6 Rd4+ 47. Kc3 Rc4+ 48. Kb3 g5 49. Nb8 g4 50. Nd7 Rd4 51. Nf6+ Kc5 0-1


[Site "https://www.chess.com"]

[Event "Titled Tuesday Blitz April 4 Early 2023"]
[White "Gabdrakhmanov, Azat"]
[Black "Fernandez Sanchez, Mario Andres"]
[WhiteFideId "34189197"]
[BlackFideId "6501621"]
[WhiteElo "2306"]
[BlackElo "2050"]
[Result "1-0"]
[Round "06"]
[TimeControl "180+2"]
[Date "2023.04.04"]
[WhiteClock "0:01:08"]
[BlackClock "0:01:39"]

1. e4 c5 2. Nf3 Nc6 3. d4 cxd4 4. Nxd4 g6 5. Nc3 Bg7 6. Nb3 d6 7. Be2 Nf6 8. O-O O-O 9. Re1 a6 10. Bf1 b5 11. Bg5 Bb7 12. Nd5 Nd7 13. c3 Re8 14. a4 h6 15. Be3 b4 16. Qd2 a5 17. Bxh6 bxc3 18. bxc3 Nce5 19. Bxg7 Kxg7 20. Nd4 Nc5 21. Rab1 e6 22. Nf4 Qg5 23. Nfxe6+ 1-0


[Site "https://www.chess.com"]

[Event "Titled Tuesday Blitz April 4 Early 2023"]
[White "Sokolovsky, Yahli"]
[Black "Koridze, Lile"]
[WhiteFideId "2820242"]
[BlackFideId "13612514"]
[WhiteElo "2316"]
[BlackElo "2047"]
[Result "1-0"]
[Round "06"]
[TimeControl "180+2"]
[Date "2023.04.04"]
[WhiteClock "0:00:39"]
[BlackClock "0:00:08"]

1. b3 Nf6 2. Bb2 g6 3. e3 Bg7 4. Nf3 O-O 5. d4 b6 6. Bd3 Bb7 7. O-O d6 8. c4 Nbd7 9. Nc3 e5 10. d5 Nc5 11. Bc2 a5 12. a3 Ne8 13. Qd2 f5 14. b4 Nd7 15. e4 fxe4 16. Ng5 Qe7 17. Ne6 Rf7 18. Nxe4 Nf8 19. N4g5 Rf6 20. f4 Nxe6 21. Nxe6 Rf7 22. f5 gxf5 23. Bxf5 Nf6 24. Qg5 Kh8 25. Qh4 Bf8 26. Bc1 Nxd5 27. Bg5 Nf6 28. Bxh7 Rxh7 29. Bxf6+ Bg7 30. Bxe7 1-0


[Site "https://www.chess.com"]

[Event "Titled Tuesday Blitz April 4 Early 2023"]
[White "TheKnightOfBosnia"]
[Black "Srinath, Rao S.V."]
[BlackFideId "5028876"]
[WhiteElo "2487"]
[BlackElo "2196"]
[Result "1-0"]
[Round "06"]
[TimeControl "180+2"]
[Date "2023.04.04"]
[WhiteClock "0:00:09"]
[BlackClock "0:00:02"]

1. e4 c6 2. d4 d5 3. Nd2 dxe4 4. Nxe4 Bf5 5. Ng3 Bg6 6. h4 h6 7. Nh3 e6 8. Nf4 Bh7 9. Bc4 Nf6 10. Ngh5 Nbd7 11. c3 Nxh5 12. Nxh5 Nf6 13. Bf4 Nd5 14. Be5 f6 15. Bg3 Qd7 16. Bd3 Bxd3 17. Qxd3 Qf7 18. Nf4 O-O-O 19. Ng6 Rg8 20. Nxf8 Rgxf8 21. O-O-O h5 22. c4 Nb6 23. Qa3 e5 24. Qxa7 Qxc4+ 25. Kb1 Nd7 26. Qa8+ Kc7 27. Qa5+ Kc8 28. dxe5 Qe4+ 29. Ka1 Nxe5 30. f3 Qc2 31. Rc1 Qxg2 32. Bf4 Qxf3 33. Bxe5 fxe5 34. Qa8+ Kc7 35. Qa5+ Kc8 36. Qa8+ Kc7 37. Qa5+ Kb8 38. Qxe5+ Kc8 39. Qxg7 Rf7 40. Qe5 Rfd7 41. a3 Rd2 42. Rhf1 Qb3 43. Rf6 R2d3 44. Rfxc6+ bxc6 45. Rxc6+ Kd7 46. Rc7# 1-0


[Site "https://www.chess.com"]

[Event "Titled Tuesday Blitz April 4 Early 2023"]
[White "Miszler, Levente"]
[Black "Taboas Rodriguez, Daniel"]
[WhiteFideId "763276"]
[BlackFideId "2208466"]
[WhiteElo "2176"]
[BlackElo "2365"]
[Result "1-0"]
[Round "06"]
[TimeControl "180+2"]
[Date "2023.04.04"]
[WhiteClock "0:00:22"]
[BlackClock "0:00:03"]

1. Nf3 Nf6 2. c4 g6 3. g3 b6 4. Bg2 Bb7 5. O-O Bg7 6. Nc3 O-O 7. d4 Ne4 8. Qc2 Nxc3 9. Qxc3 c5 10. Be3 Nc6 11. Qd2 Nxd4 12. Nxd4 Bxg2 13. Kxg2 cxd4 14. Bxd4 d6 15. Rac1 Qc7 16. Rfd1 Rac8 17. b3 Qb7+ 18. Kg1 Bxd4 19. Qxd4 Rc5 20. Rc3 Rfc8 21. Re3 a6 22. Qh4 R8c7 23. Rf3 b5 24. cxb5 axb5 25. Qf4 Rf5 26. Qe3 Rxf3 27. exf3 b4 28. Rd4 Qb6 29. Kg2 Rb7 30. Qe4 h5 31. Rc4 e6 32. Rc8+ Kg7 33. Qh4 Rb8 34. Rc4 d5 35. Rc2 Qd8 36. Qd4+ Qf6 37. Qa7 Rd8 38. Qb6 Qe7 39. Rc7 Qd6 40. Rc6 Qb8 41. Qd4+ e5 42. Qc5 d4 43. Rb6 Rd5 44. Qxd5 Qxb6 45. Qxe5+ Kg8 46. Qd5 Kg7 47. Kf1 Qa6+ 48. Ke1 Qe6+ 49. Qxe6 fxe6 50. Kd2 e5 51. Kd3 g5 52. Ke4 Kf6 53. f4 exf4 54. gxf4 gxf4 55. Kxd4 Kf5 56. f3 Kg5 57. Ke4 Kh4 58. Kxf4 Kh3 59. Kg5 Kxh2 60. Kxh5 Kg3 61. f4 Kxf4 62. Kg6 Ke4 63. Kf6 Kd4 64. Ke6 Kc5 65. Ke5 Kc6 66. Kd4 Kb5 67. Kd5 Kb6 68. Kc4 Ka5 69. Kc5 Ka6 70. Kxb4 1-0


[Site "https://www.chess.com"]

[Event "Titled Tuesday Blitz April 4 Early 2023"]
[White "Jakubowski, Krzysztof"]
[Black "Santos Flores, Alberto"]
[WhiteFideId "1112848"]
[BlackFideId "3601234"]
[WhiteElo "2359"]
[BlackElo "2235"]
[Result "1-0"]
[Round "06"]
[TimeControl "180+2"]
[Date "2023.04.04"]
[WhiteClock "0:00:05"]
[BlackClock "0:00:09"]

1. e4 c5 2. Nf3 Nc6 3. d4 cxd4 4. Nxd4 g6 5. c4 Nf6 6. Nc3 d6 7. Be2 Nxd4 8. Qxd4 Bg7 9. O-O O-O 10. Qd3 Be6 11. Bd2 a6 12. b3 Rb8 13. a4 Nd7 14. Rab1 Nc5 15. Qe3 a5 16. Kh1 Qb6 17. Nb5 Bd7 18. f4 Bxb5 19. axb5 Qc7 20. f5 Nd7 21. Qh3 Ra8 22. Rf4 a4 23. bxa4 Rxa4 24. Rh4 Ra2 25. Rxh7 Rxd2 26. Rxg7+ Kxg7 27. Qc3+ Ne5 28. Qxd2 Ra8 29. Rf1 Qc5 30. fxg6 fxg6 31. Qg5 Qc7 32. h3 Ra2 33. Bg4 Nxg4 34. hxg4 Rc2 35. Qd5 Rxc4 36. Rf7+ Kh8 37. Rf8+ Kg7 38. Qf7+ Kh6 39. g5+ Kh5 40. Qf3+ Kxg5 41. Qf4+ 1-0


[Site "https://www.chess.com"]